 Dungeon Crawl Stone Soup version 0.32-a0-961-gd60f5e5fc7 (webtiles) character file.

Game seed: 16720298936180907206

10 PriceMaster the Apothecary (level 2, -1/13 HPs)
             Began as a Spriggan Alchemist on Apr 18, 2024.
             Slain by a gnoll
             ... wielding a +0 whip
              (5 damage)
             ... on level 1 of the Dungeon.
             The game lasted 00:00:31 (382 turns).

PriceMaster the Apothecary (Spriggan Alchemist)      Turns: 382, Time: 00:00:32

Health: -1/13      AC:  2    Str:  4    XL:     2   Next: 10%
Magic:  14/16      EV: 16    Int: 16    God:
Gold:   27         SH:  0    Dex: 15    Spells: 6/7 levels left

rFire   . . .        e - +0 dagger
rCold   . . .        (no shield)
rNeg    . . .        a - +0 robe
rPois   .            (helmet restricted)
rElec   .            (no cloak)
rCorr   .            (gloves unavailable)
SInv    +            (boots unavailable)
Will    .....        (no amulet)
Stlth   ++           c - ring of magical power
HPRegen 0.22/turn    (no ring)
MPRegen 0.15/turn

%: no passive effects
@: very quick
A: very small, no large weapons, unfitting armour, see invisible, speed 3
a: no special abilities


You were on level 1 of the Dungeon.
You visited 1 branch of the dungeon, and saw 1 of its levels.

You collected 27 gold pieces.

Inventory:

Hand Weapons
 e - a +0 dagger (weapon)
Armour
 a - a +0 robe (worn)
Jewellery
 c - a ring of magical power (left hand)
Potions
 b - a potion of magic
 d - a potion of degeneration {unknown}
 f - 3 potions of heal wounds {unknown}


   Skills:
 + Level 2.7 Dodging
 + Level 3.2 Stealth
 + Level 3.1 Spellcasting
 + Level 0.6 Conjurations
 + Level 3.6 Alchemy


You had 6 spell levels left.
You knew the following spells:

 Your Spells              Type           Power      Damage    Failure   Level
a - Sting                 Conj/Alch      36%        1d5       8%          1

Your spell library contained the following spells:

 Spells                   Type           Power      Damage    Failure   Level
 Mercury Vapours          Alch/Air       16%        N/A       13%         2
 Apportation              Tloc           4%         N/A       19%         1
 Jinxbite                 Hex            4%         N/A       28%         2
 Mephitic Cloud           Conj/Alch/Air  7%         N/A       30%         3
 Olgreb's Toxic Radiance  Alch           14%        N/A       38%         4
 Sticky Flame             Fire/Alch      8%         2d4       65%         4
 Alistair's Intoxication  Alch           9%         N/A       75%         5


Dungeon Overview and Level Annotations

Branches:
Dungeon (1/15)

Altars:


Innate Abilities, Weirdness & Mutations

You are very small and have problems with some larger weapons.
You are too small for most types of armour.
You have supernaturally acute eyesight. (SInv)
You cover ground extremely quickly. (Speed+++)


Message History

You are too injured to fight recklessly!
You are too injured to fight recklessly!
You are too injured to fight recklessly!
You are too injured to fight recklessly!
You are too injured to fight recklessly!
You are too injured to fight recklessly!
You are too injured to fight recklessly!
You are too injured to fight recklessly!
You are too injured to fight recklessly!
You are too injured to fight recklessly!
You are too injured to fight recklessly!
You are too injured to fight recklessly!
You are too injured to fight recklessly!
The endoplasm freezes you.
You are frozen.
* * * LOW HITPOINT WARNING * * *
Casting: Sting (safe; 8% risk of failure)
Confirm with . or Enter, or press ? or * to list all spells.
Aiming: Sting (safe; 8% risk of failure)
Press: ? - help, Shift-Dir - straight line, f - endoplasm
Aim: an endoplasm (97% to hit)
The sting hits the endoplasm.
The endoplasm partially resists.
The endoplasm is poisoned.
The endoplasm is lightly wounded.
Casting: Sting (safe; 8% risk of failure)
Confirm with . or Enter, or press ? or * to list all spells.
Aiming: Sting (safe; 8% risk of failure)
Press: ? - help, Shift-Dir - straight line, f/p - endoplasm
Aim: an endoplasm (lightly wounded, poisoned, 97% to hit)
Okay, then.
Casting: Sting (safe; 8% risk of failure)
Confirm with . or Enter, or press ? or * to list all spells.
Aiming: Sting (safe; 8% risk of failure)
Press: ? - help, Shift-Dir - straight line, f - gnoll, p - endoplasm
Aim: a gnoll, wielding a +0 whip (almost dead, 72% to hit)
The sting hits the endoplasm.
The endoplasm partially resists.
The endoplasm looks even sicker.
You kill the endoplasm!
The gnoll attacks as it pursues you! The gnoll hits you with a +0 whip.
You die...

###### #..@.########
#######..g.##.....#
#.$........##.....#
#..........##.....#
#..........##.....##
#..........##......# .
#..........##......# ..
+...........'......++###..
#).....######.............


You could see a gnoll.

Vanquished Creatures
  A dart slug (D:1)
  An endoplasm (D:1)
  A giant cockroach (D:1)
  A ball python (D:1)
  2 bats (D:1)
  2 goblins (D:1)
8 creatures vanquished.

Notes
Turn   | Place    | Note
-------+----------+-------------------------------------------
     0 | D:1      | PriceMaster the Spriggan Alchemist began the quest for the
                  | Orb.
     0 | D:1      | Reached XP level 1. HP: 9/9 MP: 5/5
   288 | D:1      | Reached XP level 2. HP: 13/13 MP: 7/7
   382 | D:1      | Slain by a gnoll

Illustrated notes

Levels and vault maps discovered:
D:1:      dpeg_arrival_simpleton_c, layout_basic,
          hellmonk_ecumenical_altar_run_dry

Skill      XL: |  1 |
---------------+----+-----
Spellcasting   | 3 |  3.1
Dodging        | |  2.7
Stealth        | |  3.2
Conjurations   | |  0.6
Alchemy        | |  3.6

Action                     || total
---------------------------++-------
  Melee: Unarmed           ||     1
         Dagger            ||     1
   Cast: Sting             ||    15
   Stab: Sleeping          ||     1
 Armour: Robe              ||     3
  Dodge: Dodged            ||     6

Table legend: (Time is in decaauts)
 A = Elapsed time spent in this place.
 B = Non-inter-level travel time spent in this place.
 C = Inter-level travel time spent in this place.
 D = Time resting spent in this place.
 E = Time spent auto-exploring this place.
 F = Levels seen in this place.
 G = Mean time per level.
                   A        B        C        D        E       F      G
               +--------+--------+--------+--------+--------+-----+--------+
         Total |    300 |    288 |     12 |      0 |    245 |   1 |  300.0 |
       Dungeon |    300 |    288 |     12 |      0 |    245 |   1 |  300.0 |
               +--------+--------+--------+--------+--------+-----+--------+

Top non-repeatable levels by time:
     D:1: 300 daAuts
